cohdb
Replays
Latest Replays
All Replays
Popular Replays
Top Player Replays
Match Explorer
How It Works
Community
CoH3 Stats
Reddit
Sign in to upload your games and track your stats! →
Sign in with Steam
Match 41279494
Unlisted
Match 41279494
Overview
Messages
Build Orders
End
Kradschützen Motorcycle Team
Panzerpioneer Squad
250 Light Carrier
250 Light Carrier
Construct Light Support Kompanie
Combat Half-tracks
Panzerpioneer Squad
Selects Panzerjäger Kommand Battlegroup
Selects GrB 39 Grenade Launcher Requisition
Selects Mine Fields
Panzerpioneer Squad
Selects Early Warning
Panzerjäger Mechanized Group
Panzerjäger Squad
Early Warning
Selects Butterfly Bomb Drop
Fire Support Elements
Construct Panzerarmee Kommand
Vehicle Survival Package
Emergency Repair Kits
Armored Reserves
Early Warning
StuG Assault Group
Tungsten Core Ammunition
Selects Crew Shock Tactics
Walking Stuka Rocket Launcher
Butterfly Bomb Drop
Walking Stuka Rocket Launcher
Selects Anti-tank Overwatch
Rapid Advance
Kradschützen Motorcycle Team
[HAN]Diederick Kastner
CTG|SS
MiloAllen
帝国の突撃隊
Celltus
鼻涕一甩排山倒海
KisMarT
Haiyans
0
0
Comments
sign in to comment!
No comments posted yet!